 Dungeon Crawl Stone Soup version 0.31-a0-1-g4198be8af4 (webtiles) character file.

Game seed: 9623313948725582302

1095 LobsterGuardian the Basher (level 8, -6/49 (58) HPs)
             Began as a Human Wanderer on Apr 30, 2023.
             Was a Follower of Yredelemnul.
             Killed by divine providence
             ... invoked by an orc priest
              (9 damage)
             ... on level 5 of the Dungeon.
             The game lasted 00:15:44 (5544 turns).

LobsterGuardian the Basher (Human Wanderer)         Turns: 5544, Time: 00:15:45

HP:   -6/49 (58)    AC: 10    Str: 18    XL:     8   Next: 57%
MP:   10/11         EV: 11    Int: 14    God:    Yredelemnul [*.....]
Gold: 293           SH:  5    Dex:  8    Spells: 10/11 levels left

rFire   . . .        c - +0 mace
rCold   . . .        (no shield)
rNeg    . . .        j - +0 ring mail
rPois   .            n - +0 hat
rElec   .            l - scarf {repulsion}
rCorr   .            b - +0 pair of gloves
SInv    .            (no boots)
Will    .....        h - amulet of reflection Stlth
                     o - +4 ring of protection
HPRegen 0.28/turn    (no ring)
MPRegen 0.12/turn

%: repel missiles, reflection
@: studying Dodging, heavily drained
A: no striking features
a: Renounce Religion, Recall Undead Harvest


You were on level 5 of the Dungeon.
You worshipped Yredelemnul.
Yredelemnul was noncommittal.
You visited 1 branch of the dungeon, and saw 5 of its levels.

You collected 293 gold pieces.

Inventory:

Hand Weapons
 c - a +0 mace (weapon)
Armour
 b - a +0 pair of gloves (worn)
 j - a +0 ring mail (worn)
 l - a scarf of repulsion (worn)
 n - a +0 hat (worn)
Jewellery
 h - an amulet of reflection (around neck)
 o - a +4 ring of protection (left hand)
 y - a +6 ring of strength
Wands
 d - a wand of mindburst (6)
 p - a wand of paralysis (13)
Scrolls
 e - a scroll of fog
 g - a scroll of poison
 v - a scroll of torment {unknown}
 w - 2 scrolls of fear
 x - a scroll of brand weapon {unknown}
Potions
 a - a potion of attraction {unknown}
 f - 2 potions of curing
 i - 2 potions of invisibility {unknown}
 k - a potion of ambrosia
 m - a potion of cancellation {unknown}
 q - a potion of might {unknown}
 r - a potion of berserk rage {unknown}
 s - a potion of heal wounds


   Skills:
 - Level 3.2 Fighting
 + Level 8.2 Maces & Flails
 - Level 1.0 Throwing
 * Level 3.0 Armour
 + Level 2.1 Dodging
 - Level 2.0 Unarmed Combat
 - Level 2.0 Spellcasting
 - Level 2.0 Conjurations


You had 10 spell levels left.
You knew the following spells:

 Your Spells              Type           Power      Damage    Failure   Level
a - Kiss of Death         Conj/Necr      16%        2d6       26%         1

Your spell library contained the following spells:

 Spells                   Type           Power      Damage    Failure   Level
 Shock                    Conj/Air       16%        1d4       26%         1
 Apportation              Tloc           2%         N/A       38%         1
 Freeze                   Ice            4%         1d3       38%         1
 Necrotise                Necr           4%         1d4       38%         1
 Summon Small Mammal      Summ           4%         N/A       38%         1
 Static Discharge         Conj/Air       8%         2-3/arc   38%         2
 Poisonous Vapours        Pois/Air       2%         N/A       52%         2
 Dazzling Flash           Conj/Hex       8%         N/A       63%         3
 Hailstorm                Conj/Ice       4%         3d4       63%         3
 Mephitic Cloud           Conj/Pois/Air  3%         N/A       67%         3
 Frozen Ramparts          Ice            2%         1d1       77%         3
 Vhi's Electric Charge    Tloc/Air       2%         N/A       77%         3
 Volatile Blastmotes      Fire/Tloc      2%         2d10      77%         3
 Iskenderun's Mystic Bla  Conj/Tloc      4%         2d3       95%         4
 Airstrike                Air            0%         2d(1-17)  99%         4
 Ice Form                 Ice/Tmut       1%         N/A       99%         4
 Summon Ice Beast         Ice/Summ       1%         N/A       99%         4
 Summon Lightning Spire   Summ/Air       1%         N/A       99%         4
 Arcjolt                  Conj/Air       2%         1d12      100%        5
 Freezing Cloud           Conj/Ice/Air   1%         6-21      100%        5
 Plasma Beam              Fire/Air       0%         2x1d11    100%        6
 Starburst                Conj/Fire      2%         6d3       100%        6
 Ozocubu's Refrigeration  Ice            0%         4d7       100%        7
 Polar Vortex             Ice            0%         N/A       100%        9
 Simulacrum               Ice/Necr       Unusable   N/A       N/A         6

Dungeon Overview and Level Annotations

Branches:
Dungeon (5/15)
 Temple: D:4-7

Altars:
Hepliaklqana
Kikubaaqudgha
Wu Jian
Yredelemnul


Message History

You kill the orc!
The dead are walking!
The orc priest hits your orc zombie with a +0 war axe!
Your orc zombie is destroyed!
The orc priest closely misses you.
Things that are here:
a +0 club; a +0 ring mail You closely miss the orc priest.
The orc priest is moderately wounded.
The orc priest hits you but does no damage.
You hit the orc priest.
The orc priest is moderately wounded.
The orc priest hits you with a +0 war axe!
You hit the orc priest.
The orc priest is moderately wounded.
The orc priest hits you with a +0 war axe!
* * * LOW HITPOINT WARNING * * *
Casting: Kiss of Death (safe; 26% risk of failure)
Confirm with . or Enter, or press ? or * to list all spells.
Aiming: Kiss of Death (safe; 26% risk of failure)
Press: ? - help, Shift-Dir - straight line, f - orc priest
Aim: an orc priest, wielding a +0 war axe and wearing a +0 ring mail (moderately wounded, ally target, 100% to hit)
The negative energy hits the orc priest but does no damage.
The orc priest is drained!
The orc priest is heavily wounded.
You feel drained.
The orc priest calls down the wrath of Beogh upon you.
Beogh smites you!
* * * LOW HITPOINT WARNING * * *
Casting: Kiss of Death (safe; 26% risk of failure)
Confirm with . or Enter, or press ? or * to list all spells.
Aiming: Kiss of Death (safe; 26% risk of failure)
Press: ? - help, Shift-Dir - straight line, f/p - orc priest
Aim: an orc priest, wielding a +0 war axe and wearing a +0 ring mail (heavily wounded, heavily drained, ally target, 100% to hit)
Okay, then.
You swap places.
The orc priest mumbles some strange prayers to Beogh against you.
Beogh smites you!
You die...
Your body rises from the dead as a mindless zombie. #oo

#.##...........#######
. #..
......#..............
. ...
.#..#...(.....###### .
. ##.#.....## .
##)#...## #.#.###
#o#.# #Z#.###
#####@#...#
#...ZZ###.# #.#####
#Z# #.# #.# #.# #Z#
##### #.# #.# #....
#.# #.# #.... #.# #.#
#.... #Z# #)# #....


You could see an orc priest (very drained, ally target), a friendly spectral ice
beast and 2 friendly orc zombies.

Vanquished Creatures
  Eustachio (D:4)
  An ice beast (D:5)
  An ogre (D:4)
  A phantom (D:5)
  2 scorpions
  A hound (D:4)
  2 sleepcaps (D:5)
  3 orc wizards
  4 iguanas
  Robin (D:2)
  A gnoll (D:1)
  3 adders
  A white imp (D:5)
  2 worms
  3 dart slugs
  17 orcs
  5 endoplasms
  6 giant cockroaches
  17 goblins
  5 hobgoblins
  3 jackals (D:3)
  4 quokkas (D:1)
  5 ball pythons
  4 bats
  6 frilled lizards
  9 kobolds
  2 rats
110 creatures vanquished.

Vanquished Creatures (collateral kills)
  A jelly (D:5)
  2 sleepcaps (D:5)
  An orc wizard (D:4)
  An adder (D:4)
  A worm (D:4)
  An orc (D:5)
  A ball python (D:2)
  3 endoplasms
  4 jackals (D:1)
  A kobold (D:2)
  A goblin (D:2)
17 creatures vanquished.

Vanquished Creatures (others)
  A scorpion zombie (D:5)
  An iguana zombie (D:5)
  A jelly zombie (D:5)
  A ball python zombie (D:2)
  An endoplasm zombie (D:4)
  A goblin zombie (D:2)
  3 orc zombies (D:5)
9 creatures vanquished.

Grand Total: 136 creatures vanquished

Notes
Turn   | Place    | Note
-------+----------+-------------------------------------------
     0 | D:1      | LobsterGuardian the Human Wanderer began the quest for the
                  | Orb.
     0 | D:1      | LobsterGuardian set off with the following items: a +0
                  | club, a +0 pair of gloves, a scroll of summoning, a +0
                  | leather armour, a scroll of fog; and the following spells
                  | available to memorise: Kiss of Death, Shock, Iskenderun's
                  | Mystic Blast.
     0 | D:1      | Reached XP level 1. HP: 15/15 MP: 3/3
   130 | D:1      | Reached skill level 1 in Maces & Flails
   179 | D:1      | Reached XP level 2. HP: 16/21 MP: 5/5
   451 | D:1      | Reached skill level 2 in Maces & Flails
   499 | D:1      | Reached XP level 3. HP: 24/26 MP: 6/6
   518 | D:1      | Learned a level 1 spell: Kiss of Death
  1347 | D:2      | Noticed Robin
  1436 | D:2      | Found a faded altar of an unknown god.
  1444 | D:2      | Reached XP level 4. HP: 29/31 MP: 7/7
  1454 | D:2      | Reached skill level 3 in Maces & Flails
  1472 | D:2      | Prayed at the altar of an unknown god.
  1472 | D:2      | Became a worshipper of Yredelemnul the Dark
  1472 | D:2      | Reached * piety under Yredelemnul
  1571 | D:2      | You fall into a shaft and drop 2 floors!
  1745 | D:2      | Killed Robin
  2081 | D:2      | Reached XP level 5. HP: 9/21 MP: 8/8
  2602 | D:3      | Found an ancient bone altar of Kikubaaqudgha.
  2886 | D:3      | Reached skill level 4 in Maces & Flails
  3335 | D:4      | Reached XP level 6. HP: 13/38 MP: 9/9
  3480 | D:4      | Noticed Eustachio
  3503 | D:4      | Killed Eustachio
  3504 | D:4      | Reached skill level 5 in Maces & Flails
  3566 | D:4      | Reached XP level 7. HP: 43/51 MP: 10/10
  3574 | D:4      | Reached skill level 6 in Maces & Flails
  3912 | D:4      | Reached ** piety under Yredelemnul
  4212 | D:4      | Reached skill level 7 in Maces & Flails
  4341 | D:4      | Reached *** piety under Yredelemnul
  4467 | D:5      | Entered Level 5 of the Dungeon
  4620 | D:5      | Reached skill level 1 in Armour
  4620 | D:5      | Reached XP level 8. HP: 43/58 MP: 11/11
  4931 | D:5      | Found a hazy altar of Hepliaklqana.
  4931 | D:5      | Found an ornate altar of the Wu Jian Council.
  5157 | D:5      | Reached skill level 8 in Maces & Flails
  5522 | D:5      | Identified a scroll of acquirement
  5527 | D:5      | Acquired a manual of Dodging
  5543 | D:5      | HP: 2/49 [orc priest/divine providence (14)]
  5544 | D:5      | Killed from afar by an orc priest

Illustrated notes

Levels and vault maps discovered:
D:1:      dpeg_arrival_stonehenge_8_columns, layout_basic
D:2:      layout_loops_ring, dreamdust_ecumenical_altar_angels_and_demons,
          uniq_robin
D:3:      layout_loops_cross, lemuel_round_altar, chequers_mini_garden
D:4:      layout_basic, uniq_eustachio
D:5:      layout_loops_ring, minitemple, hangedman_abyss_or_decor_lesser_grid,
          kennysheep_minor_cross

Skill      XL: |  1  2  3  4  5  6  7  8 |
---------------+-------------------------+-----
Maces & Flails | 1 2 3 4 5 7 8 |  8.2
Fighting       | 2 3 |  3.2
Armour         | 1 3 |  3.0
Throwing       | |  1.0
Dodging        | |  2.1
Unarmed Combat | |  2.0
Spellcasting   | |  2.0
Conjurations   | |  2.0

Action                     |  1- 3 |  4- 6 |  7- 9 || total
---------------------------+-------+-------+-------++-------
  Melee: Club              |   183 |   132 |       ||   315
         Punch             |     1 |     2 |     3 ||     6
         Mace              |       |    93 |   194 ||   287
   Cast: Kiss of Death     |     1 |     3 |     1 ||     5
  Evoke: Wand              |       |     5 |     7 ||    12
    Use: Scroll            |     8 |     3 |     4 ||    15
         Potion            |     1 |       |       ||     1
   Stab: Paralysed         |       |    11 |     1 ||    12
         Distracted        |       |       |     2 ||     2
 Armour: Leather armour    |    42 |       |       ||    42
         Ring mail         |    27 |   133 |    78 ||   238
  Dodge: Dodged            |   135 |   127 |    75 ||   337
         Repelled          |       |     1 |     2 ||     3
  Block: Other             |       |    54 |    36 ||    90

Table legend: (Time is in decaauts)
 A = Elapsed time spent in this place.
 B = Non-inter-level travel time spent in this place.
 C = Inter-level travel time spent in this place.
 D = Time resting spent in this place.
 E = Time spent auto-exploring this place.
 F = Levels seen in this place.
 G = Mean time per level.
                   A        B        C        D        E       F      G
               +--------+--------+--------+--------+--------+-----+--------+
         Total |   5623 |   5485 |    138 |    353 |   3925 |   5 | 1124.6 |
       Dungeon |   5623 |   5485 |    138 |    353 |   3925 |   5 | 1124.6 |
               +--------+--------+--------+--------+--------+-----+--------+

Top non-repeatable levels by time:
     D:1: 1393 daAuts
     D:4: 1295 daAuts
     D:2: 1050 daAuts
     D:5: 970 daAuts
     D:3: 913 daAuts
